 Dungeon Sprint DCSS version 0.28.0-43-g3370ac3207 (webtiles) character file.

Game seed: 3572306638605071178

18365 boopmooplesden the Executioner (level 12, -6/172 (186) HPs)
             Began as a Minotaur Berserker on Mar 13, 2022.
             Was the Champion of Trog.
             Mangled by a spriggan defender
             ... wielding a +5 flail of draining
              (13 damage)
             ... in the Dungeon (Sprint IV: "Fedhas' Mad Dash").
             The game lasted 00:11:33 (4832 turns).

boopmooplesden the Executioner (Minotaur Berserker) Turns: 4832, Time: 00:11:34

HP:   -6/172 (186)  AC: 15    Str: 33    XL:     12   Next: 27%
MP:   10/11         EV: 12    Int:  2    God:    Trog [******]
Gold: 229           SH:  0    Dex:  6    Spells: 11/11 levels left

rFire   . . .      SeeInvis +   a - +6 executioner's axe of the Twenty Blessings {vorpal, Str+6 Dex-5}
rCold   + . .      Faith    .   (shield currently unavailable)
rNeg    + . .      Spirit   .   u - +5 ring mail "Newk" {rPois rC+ Str+3}
rPois   +          Reflect  .   (helmet restricted)
rElec   .          Harm     .   y - +2 cloak {Stlth+}
rCorr   .          Rampage  .   (no gloves)
Will    ++...      NoTele   +   (no boots)
Stlth   ..........              i - amulet of invisibility {+Inv}
HPRegen 0.38/turn               l - ring of poison resistance
MPRegen 0.12/turn               s - ring of Lemudes {rN+ Will++ Int-4 SInv}

@: berserking (expiring), very slightly contaminated, drained, invisible, very
quick
A: horns 2, retaliatory headbutt
a: Renounce Religion, Evoke Invisibility, Berserk, Trog's Hand, Brothers in Arms


You were in the Dungeon.
You worshipped Trog.
Trog was exalted by your worship.
You visited 1 branch You collected 459 gold pieces.
You spent 230 gold pieces at shops.

Inventory:

Hand Weapons
 a - the +6 executioner's axe of the Twenty Blessings (weapon) {vorpal, Str+6 Dex-5}
   (You found it in the Dungeon)

   It inflicts extra damage upon your enemies.
   Str:       It affects your strength (+6).
   Dex:       It affects your dexterity (-5).
 b - the +8 storm bow {elec, penet}
   (You took it off a spriggan in the Dungeon)

   Any ammunition fired from it occasionally discharges a powerful burst of
   electricity upon striking a foe.
   Any ammunition fired by it passes through the targets it hits, potentially
   hitting all targets in its path until it reaches maximum range.
 h - the +4 scimitar "Segha" {elec, Int+6}
   (You found it in the Dungeon)

   It occasionally discharges a powerful burst of electricity upon striking a
   foe.
   Int:       It affects your intelligence (+6).
 m - a +0 hand axe
 r - a +2 executioner's axe
 x - the +5 battleaxe of the Well-Known Ears {antimagic, rC+ Str+5}
   (Trog gifted it to you in the Dungeon)

   It reduces the magical energy of the wielder, and disrupts the spells and
   magical abilities of those it strikes.
   Natural abilities and divine invocations are not affected.
   Str:       It affects your strength (+5).
   rC:        It protects you from cold.
Missiles
 k - 26 stones (quivered)
 q - 5 boomerangs
 w - 14 arrows
Armour
 u - the +5 ring mail "Newk" (worn) {rPois rC+ Str+3}
   (You found it in the Dungeon)

   Str:       It affects your strength (+3).
   rC:        It protects you from cold.
   rPois:     It protects you from poison.
 y - a +2 cloak of stealth (worn)
Jewellery
 i - the amulet of invisibility (around neck) {+Inv}
   (You found it in the Dungeon)

   [amulet of nothing]

   +Inv:      It lets you turn invisible.
 j - a +4 ring of evasion
 l - a ring of poison resistance (left hand)
 p - the amulet "Wiw Wuo" {Acrobat Str+2 Dex+3}
   (You found it in the Dungeon)

   [amulet of the acrobat]

   It increases your evasion while moving and waiting.
   Str:       It affects your strength (+2).
   Dex:       It affects your dexterity (+3).
 s - the ring of Lemudes (right hand) {rN+ Will++ Int-4 SInv}
   (You found it in the Dungeon)

   [ring of positive energy]

   Int:       It affects your intelligence (-4).
   rN:        It protects you from negative energy.
   SInv:      It lets you see invisible.
   Will:      It greatly increases your willpower.
Scrolls
 o - a scroll of immolation
Potions
 c - a potion of curing
 d - a potion of heal wounds
 e - a potion of haste
 f - 2 potions of magic
 g - a potion of berserk rage
Miscellaneous
 n - a box of beasts


   Skills:
 + Level 16.8 Fighting
 + Level 22.1 Axes
 + Level 0.9 Throwing
 + Level 10.6 Armour
 + Level 8.8 Dodging
 + Level 12.3 Stealth
 + Level 12.5 Evocations


You had 11 spell levels left.
You didn't know any spells.
Your spell library was empty.

Dungeon Overview and Level Annotations

Branches:
Dungeon (1/1)

Altars:
Cheibriados
Dithmenos
Elyvilon
Gozag
Hepliaklqana
Kikubaaqudgha
Makhleb
Nemelex Xobeh
Okawaru
Qazlal
Ru
Sif Muna
Trog
Uskayaw
Vehumet
Wu Jian
Xom
Yredelemnul
Zin
The Shining One
Beogh
Jiyva
Lugonu

Shops:
D [([:((*(=![:*(*:=(::=


Innate Abilities, Weirdness & Mutations

You have a pair of horns on your head.
You reflexively headbutt those who attack you in melee.


Message History

The spriggan defender hits you with a +5 flail of draining!!
* * * LOW HITPOINT WARNING * * *
You partially resist.
You feel drained.
Unknown command.
You slice the spriggan defender!!
The spriggan defender blocks your attack.
The spriggan defender is moderately wounded.
The spriggan defender blocks your attack.
The spriggan defender closely misses you.
You furiously retaliate!
You headbutt the spriggan defender!
The spriggan defender hits you with a +5 flail of draining!
* * * LOW HITPOINT WARNING * * *
You partially resist.
You feel drained.
The spriggan defender blocks your attack.
Your headbutt misses the spriggan defender.
The spriggan defender is moderately wounded.
You slash the spriggan defender!
The spriggan defender hits you with a +6 quick blade.
* * * LOW HITPOINT WARNING * * *
The spriggan defender hits you with a +5 flail of draining!
* * * LOW HITPOINT WARNING * * *
You partially resist.
You feel drained.
* * * LOW HITPOINT WARNING * * *
The spriggan defender blocks your attack.
The spriggan defender is moderately wounded.
You slice the spriggan defender!! The spriggan defender misses you.
You slash the spriggan defender!
Your headbutt misses the spriggan defender.
The spriggan defender is heavily wounded.
You miss the spriggan defender.
The spriggan defender hits you but does no damage.
You partially resist.
The spriggan defender hits you with a +6 quick blade!!
* * * LOW HITPOINT WARNING * * *
The spriggan defender blocks your attack.
Your headbutt misses the spriggan defender.
The spriggan defender is almost dead.
The spriggan defender blocks your attack.
The spriggan defender hits you with a +5 flail of draining!
You die...

..##....).'†#
..'.......###
##############
#............#########
'..).........'.......#
#............#######.#
############## #####.#
♣..♣..♣i.♣..#
......)@....#
♣..♣..♣i.♣..# ##
#######


You could see 2 spriggan defenders.

Vanquished Creatures
  Agnes (D)
  A ghost moth (D)
  A spriggan defender (D)
  2 spriggan berserkers (D)
  2 spriggan druids (D)
  23 oklob plants (D)
  3 demonic crawlers (D)
  3 burning bushes (D)
  A queen bee (D)
  6 hornets (D)
  3 wandering mushrooms (D)
  4 scorpions (D)
  4 killer bees (D)
  5 oklob saplings (D)
  8 spriggans (D)
  A river rat (D)
  A rat (D)
  2 ballistomycete spores (D)
  A bush (D)
72 creatures vanquished.

Vanquished Creatures (others)
  A bush (D)
  4 fungi (D)
5 creatures vanquished.

Grand Total: 77 creatures vanquished

Notes
Turn   | Place    | Note
-------+----------+-------------------------------------------
     0 | D        | boopmooplesden the Minotaur Berserker began the quest for
                  | the Orb.
     0 | D        | Reached XP level 1. HP: 19/19 MP: 0/0
     9 | D        | Reached skill level 4 in Axes
     9 | D        | Reached XP level 2. HP: 28/28 MP: 1/1
    71 | D        | Noticed an oklob sapling
    73 | D        | Killed an oklob sapling
    73 | D        | Reached ** piety under Trog
    74 | D        | Reached skill level 5 in Fighting
    74 | D        | Reached skill level 6 in Axes
    74 | D        | Reached XP level 3. HP: 37/37 MP: 2/2
    75 | D        | Noticed a scorpion
    75 | D        | Found the amulet of invisibility {+Inv}
    79 | D        | Killed a scorpion
    80 | D        | Reached skill level 7 in Axes
    80 | D        | Reached XP level 4. HP: 47/47 MP: 3/3
   226 | D        | Reached skill level 8 in Axes
   256 | D        | Found an opulent altar of Gozag.
   256 | D        | Found a hazy altar of Hepliaklqana.
   256 | D        | Found a snail-covered altar of Cheibriados.
   257 | D        | Found a viscous altar of Jiyva.
   257 | D        | Found a burning altar of Makhleb.
   257 | D        | Found a sparkling altar of Nemelex Xobeh.
   257 | D        | Found a sacrificial altar of Ru.
   257 | D        | Found a shimmering blue altar of Sif Muna.
   257 | D        | Found a bloodstained altar of Trog.
   257 | D        | Found an ornate altar of the Wu Jian Council.
   257 | D        | Found a shimmering altar of Xom.
   257 | D        | Found a basalt altar of Yredelemnul.
   258 | D        | Found an iron altar of Okawaru.
   258 | D        | Found a shadowy altar of Dithmenos.
   258 | D        | Found a glowing silver altar of Zin.
   259 | D        | Found an ancient bone altar of Kikubaaqudgha.
   259 | D        | Found a hide-covered altar of Uskayaw.
   260 | D        | Found a stormy altar of Qazlal.
   260 | D        | Found a white marble altar of Elyvilon.
   260 | D        | Found a glowing golden altar of the Shining One.
   261 | D        | Found a corrupted altar of Lugonu.
   261 | D        | Found a radiant altar of Vehumet.
   271 | D        | Reached skill level 1 in Stealth
   271 | D        | Reached skill level 1 in Evocations
   271 | D        | Reached XP level 5. HP: 34/56 MP: 2/4
   452 | D        | Reached *** piety under Trog
   453 | D        | Reached skill level 9 in Axes
   472 | D        | Reached skill level 5 in Armour
   478 | D        | Reached skill level 10 in Axes
   478 | D        | Reached XP level 6. HP: 39/66 MP: 5/5
   503 | D        | Found Ageunke's Assorted Antiques.
   504 | D        | Found Nirah's Antique Weapon Emporium.
   810 | D        | Noticed a burning bush
   810 | D        | Noticed a wandering mushroom
   810 | D        | Noticed a wandering mushroom
   816 | D        | Killed a wandering mushroom
   816 | D        | Reached **** piety under Trog
   817 | D        | Reached skill level 10 in Fighting
   817 | D        | Reached skill level 11 in Axes
   817 | D        | Reached skill level 5 in Dodging
   822 | D        | Reached XP level 7. HP: 73/73 MP: 6/6
  1038 | D        | Killed a wandering mushroom
  1039 | D        | Reached skill level 12 in Axes
  1199 | D        | Killed a burning bush
  1201 | D        | Found Feisse's Book Emporium.
  1201 | D        | Found Goufaf's Antique Weapon Shoppe.
  1263 | D        | Noticed a queen bee
  1276 | D        | Killed a queen bee
  1277 | D        | Reached skill level 13 in Axes
  1277 | D        | Reached skill level 5 in Evocations
  1277 | D        | Reached XP level 8. HP: 83/83 MP: 4/7
  1277 | D        | Reached ***** piety under Trog
  1278 | D        | Reached skill level 5 in Stealth
  1278 | D        | Received a gift from Trog
  1333 | D        | Noticed an oklob plant
  1350 | D        | Killed an oklob plant
  1571 | D        | Noticed a burning bush
  1574 | D        | Identified the +6 executioner's axe of the Twenty Blessings
                  | {vorpal, Str+6 Dex-5}
  1577 | D        | Killed a burning bush
  1578 | D        | Reached skill level 14 in Axes
  1598 | D        | Noticed a burning bush
  1598 | D        | Noticed an oklob plant
  1599 | D        | Noticed a wandering mushroom
  1601 | D        | Killed a burning bush
  1602 | D        | Reached XP level 9. HP: 81/93 MP: 5/8
  1607 | D        | Killed an oklob plant
  1904 | D        | Noticed a spriggan druid
  1911 | D        | Killed a spriggan druid
  1912 | D        | Reached skill level 15 in Axes
  2074 | D        | Noticed an oklob plant conjurer
  2077 | D        | Killed an oklob plant conjurer
  2371 | D        | Noticed an oklob plant
  2371 | D        | Noticed an oklob plant summoner
  2372 | D        | Noticed an oklob plant shifter
  2378 | D        | Killed an oklob plant
  2380 | D        | Killed an oklob plant summoner
  2381 | D        | Reached XP level 10. HP: 101/101 MP: 7/9
  2387 | D        | Killed an oklob plant shifter
  2387 | D        | Reached ****** piety under Trog
  2388 | D        | Reached skill level 16 in Axes
  2530 | D        | Noticed a spriggan rider
  2538 | D        | Received a gift from Trog
  2545 | D        | Found Meucaeg's Book Emporium.
  2697 | D        | Found Xodoq's Jewellery Shoppe.
  2706 | D        | Identified the ring of Lemudes {rN+ Will++ Int-4 SInv}
  2743 | D        | Noticed Agnes
  2748 | D        | Noticed a spriggan berserker
  2752 | D        | Killed a spriggan berserker
  2753 | D        | Reached skill level 17 in Axes
  2753 | D        | Killed Agnes
  2754 | D        | Reached skill level 18 in Axes
  2754 | D        | Reached skill level 10 in Stealth
  2754 | D        | Reached skill level 10 in Evocations
  2757 | D        | HP: 5/104 [poisoned by Agnes]
  3097 | D        | Found Tidgh's Book Emporium.
  3100 | D        | Found Wuninak's Jewellery Shoppe.
  3101 | D        | Noticed a spriggan defender
  3111 | D        | Killed a spriggan defender
  3119 | D        | Identified the +5 ring mail "Newk" {rPois rC+ Str+3}
  3161 | D        | Noticed a spriggan rider
  3213 | D        | Reached XP level 11. HP: 69/111 MP: 10/10
  3384 | D        | Noticed a ghost moth
  3391 | D        | Identified the +5 battleaxe of the Well-Known Ears
                  | {antimagic, rC+ Str+5} (Trog gifted it to you in the
                  | Dungeon)
  3391 | D        | Received a gift from Trog
  3392 | D        | Reached skill level 15 in Fighting
  3395 | D        | Killed a ghost moth
  3396 | D        | Reached skill level 19 in Axes
  3396 | D        | Found Icaek's Antique Weapon Boutique.
  3396 | D        | Found Beocw's Armour Emporium.
  3396 | D        | Found Uchocw's Antique Armour Shoppe.
  3411 | D        | Bought a glowing cloak for 142 gold pieces
  3586 | D        | Noticed an oklob plant meteorologist
  3587 | D        | Noticed an oklob plant shifter
  3591 | D        | Killed an oklob plant meteorologist
  3599 | D        | Killed an oklob plant shifter
  3641 | D        | Noticed a spriggan rider
  3646 | D        | Reached skill level 10 in Armour
  3655 | D        | Killed a spriggan rider
  3655 | D        | Received a gift from Trog
  3656 | D        | Reached skill level 20 in Axes
  3833 | D        | Noticed an oklob plant summoner
  3834 | D        | Found Vougrowk's Book Emporium.
  3835 | D        | Found Lugrim's Assorted Antiques.
  3841 | D        | Killed an oklob plant summoner
  3849 | D        | Bought a scroll labelled ZILUIXT LAVAOL for 22 gold pieces
  3849 | D        | Bought a scroll labelled RINUOWK GOOSK for 22 gold pieces
  3849 | D        | Bought 2 scrolls labelled RINUOWK GOOSK for 44 gold pieces
  3876 | D        | Found Xyk Eri's Weapon Shoppe.
  3876 | D        | Found Piaruami's Antique Weapon Boutique.
  3876 | D        | Found Lazi's Book Shop.
  3876 | D        | Found Dyluin's Weapon Emporium.
  3876 | D        | Found Oleugeq's General Store.
  3877 | D        | Found Pairphid's Distillery.
  3877 | D        | Found Oriw's Antique Armour Shop.
  3877 | D        | Found Qaap's Jewellery Boutique.
  4132 | D        | Noticed an oklob plant
  4132 | D        | Noticed an oklob plant
  4132 | D        | Noticed an oklob plant
  4133 | D        | Noticed an oklob plant
  4133 | D        | Noticed an oklob plant
  4133 | D        | Noticed an oklob plant
  4133 | D        | Noticed an oklob plant
  4135 | D        | Killed an oklob plant
  4136 | D        | Noticed an oklob plant
  4138 | D        | Killed an oklob plant
  4139 | D        | Noticed an oklob plant
  4141 | D        | Killed an oklob plant
  4142 | D        | Noticed an oklob plant
  4144 | D        | Killed an oklob plant
  4144 | D        | Received a gift from Trog
  4145 | D        | Noticed an oklob plant
  4150 | D        | Killed an oklob plant
  4151 | D        | Noticed an oklob plant
  4156 | D        | Killed an oklob plant
  4160 | D        | Killed an oklob plant
  4161 | D        | Reached skill level 21 in Axes
  4344 | D        | Killed an oklob plant
  4346 | D        | Killed an oklob plant
  4353 | D        | Killed an oklob plant
  4353 | D        | Killed an oklob plant
  4354 | D        | Reached XP level 12. HP: 123/123 MP: 11/11
  4607 | D        | Received a gift from Trog
  4609 | D        | Identified the +4 scimitar "Segha" {elec, Int+6}
  4613 | D        | Reached skill level 22 in Axes
  4730 | D        | Identified the amulet "Wiw Wuo" {Acrobat Str+2 Dex+3}
  4796 | D        | Noticed a spriggan defender
  4796 | D        | Noticed a spriggan defender
  4831 | D        | HP: 7/172 [spriggan defender/+6 quick blade (21)]
  4832 | D        | Mangled by a spriggan defender

Illustrated notes

Levels and vault maps discovered:
D:        dungeon_sprint_fedhas [sprint_temple]

Skill      XL: |  1  2  3  4  5  6  7  8  9 10 11 12 |
---------------+-------------------------------------+-----
Fighting       | 4 5 7 8 9 10 12 13 14 16 | 16.8
Axes           | 4 6 7 8 10 11 13 14 15 18 21 22 | 22.1
Armour         | 3 4 5 6 8 10 | 10.6
Dodging        | 3 4 5 6 7 8 |  8.8
Stealth        | 1 2 3 4 7 9 10 11 12 | 12.3
Evocations     | 1 2 3 5 6 9 10 12 | 12.5
Throwing       | |  0.9

Action                   |  1- 3 |  4- 6 |  7- 9 | 10-12 || total
-------------------------+-------+-------+-------+-------++-------
Melee: Hand axe          |    12 |    30 |    35 |       ||    77
       Headbutt          |     1 |     6 |    13 |    15 ||    35
       Executioner's axe |       |       |    20 |   115 ||   135
Throw: Stone             |       |       |     1 |     2 ||     3
Invok: Berserk           |     2 |     3 |     5 |     9 ||    19
 Abil: Evoke Invisibilit |       |     3 |     7 |    13 ||    23
  Use: Scroll            |       |       |     2 |     4 ||     6
       Potion            |       |       |       |     1 ||     1
 Stab: Invisible         |       |     3 |     7 |    14 ||    24
       Sleeping          |       |     1 |     3 |     3 ||     7
Armor: Animal skin       |     3 |     1 |     1 |       ||     5
       Plate armour      |       |       |       |     7 ||     7
       Ring mail         |       |       |       |    15 ||    15
Dodge: Dodged            |     4 |     7 |    19 |    37 ||    67
